 Dungeon Crawl Stone Soup version 0.30-a0-800-g7c544603b3 (webtiles) character file.

Game seed: 9752229991261437398

175 cheesebisquit the Skirmisher (level 5, -1/37 HPs)
             Began as a Gnoll Wanderer on Feb 22, 2023.
             Was an Initiate of Fedhas.
             Slain by Pikel
             ... wielding a +2 whip of flaming
              (4 damage)
             ... on level 3 of the Dungeon.
             The game lasted 00:13:01 (3748 turns).

cheesebisquit the Skirmisher (Gnoll Wanderer)       Turns: 3748, Time: 00:13:01

Health: -1/37      AC:  7    Str: 10    XL:     5   Next: 55%
Magic:  9/9        EV: 10    Int: 11    God:    Fedhas [......]
Gold:   233        SH:  0    Dex: 15    Spells: 9/10 levels left

rFire   . . .      SeeInvis .    E - +2 spear (venom)
rCold   . . .      Faith    .    (no shield)
rNeg    + . .      Spirit   .    F - +0 scale mail
rPois   .          Reflect  .    (no helmet)
rElec   .          Harm     .    b - +0 cloak
rCorr   .          Rampage  .    (no gloves)
Will    .....                    (no boots)
Stlth   +                        l - amulet of magic regeneration
HPRegen 0.26/turn                f - ring of flight
MPRegen 0.51/turn                x - ring of positive energy

@: flying
A: fangs 1, strong nose, distributed training
a: Renounce Religion


You were on level 3 of the Dungeon.
You worshipped Fedhas.
Fedhas was noncommittal.
You visited 1 branch of the dungeon, and saw 4 of its levels.

You collected 233 gold pieces.

Inventory:

Hand Weapons
 a - a +2 sling
 E - a +2 spear of venom (weapon)
Missiles
 d - 2 boomerangs
 y - 4 atropa-tipped darts
Armour
 b - a +0 cloak (worn)
 z - a +0 robe of willpower
 F - a +0 scale mail (worn)
Jewellery
 f - a ring of flight (left hand)
 l - an amulet of magic regeneration (around neck)
 x - a ring of positive energy (right hand)
 B - a ring of protection from cold
 C - a ring of positive energy
Scrolls
 c - 2 scrolls of blinking
 g - 2 scrolls of teleportation {unknown}
 n - 2 scrolls of identify {unknown}
 p - a scroll of vulnerability {unknown}
 r - 3 scrolls of fog {unknown}
 s - 2 scrolls of fear {unknown}
 w - a scroll of noise {unknown}
 D - a scroll of enchant armour {unknown}
Potions
 e - a potion of might {unknown}
 i - a potion of magic {unknown}
 j - a potion of attraction {unknown}
 k - 2 potions of mutation {unknown}
 m - 2 potions of flight {unknown}
 o - a potion of curing
 t - a potion of brilliance {unknown}
 u - 4 potions of invisibility {unknown}
 v - 2 potions of lignification {unknown}
 A - a potion of degeneration {unknown}


   Skills:
 + Level 1.6 Fighting
 + Level 1.6 Short Blades
 + Level 1.6 Long Blades
 + Level 1.6 Axes
 + Level 1.6 Maces & Flails
 + Level 1.6 Polearms
 + Level 1.6 Staves
 + Level 8.7 Ranged Weapons
 + Level 1.6 Throwing
 + Level 3.0 Armour
 + Level 4.8 Dodging
 + Level 1.6 Stealth
 + Level 1.6 Shields
 + Level 1.6 Unarmed Combat
 + Level 3.2 Spellcasting
 + Level 1.3 Conjurations
 + Level 1.3 Hexes
 + Level 1.3 Summonings
 + Level 1.3 Necromancy
 + Level 2.4 Translocations
 + Level 1.3 Transmutations
 + Level 1.3 Fire Magic
 + Level 1.3 Ice Magic
 + Level 1.3 Air Magic
 + Level 1.3 Earth Magic
 + Level 1.3 Poison Magic
 + Level 1.8 Invocations
 + Level 3.0 Evocations


You had 9 spell levels left.
You knew the following spells:

 Your Spells              Type           Power      Damage    Failure   Level
a - Apportation           Tloc           14%        N/A       52%         1

Your spell library contained the following spells:

 Spells                   Type           Power      Damage    Failure   Level
 Static Discharge         Conj/Air       8%         2-3/arc   82%         2
 Vhi's Electric Charge    Tloc/Air       10%        N/A       92%         3
 Arcjolt                  Conj/Air       2%         1d12      100%        5
 Lightning Bolt           Conj/Air       2%         1d13      100%        5


Dungeon Overview and Level Annotations

Branches:
Dungeon (4/15)
 Temple: D:4-7

Altars:
Fedhas
Makhleb
Nemelex Xobeh
Okawaru

Shops:
D:4 *

Annotations:
D:3 Pikel


Innate Abilities, Weirdness & Mutations

You have very sharp teeth.
Your uncanny sense of smell can sniff out nearby items.
Your experience applies equally to all skills.


Message History

Pikel is lightly wounded.
The lemure closely misses you. Pikel barely misses you.
You feel much better. The lemure misses you.
Pikel hits you with a +2 whip of flaming.
Pikel burns you.
You hit the lemure but do no damage. You bite the lemure, but do no damage.
The lemure hits you. Pikel barely misses you.
You hit Pikel but do no damage. You bite Pikel, but do no damage.
Pikel is moderately wounded.
The lemure closely misses you. Pikel hits you but does no damage.
You hit Pikel.
Pikel looks as sick as possible!
Pikel is heavily wounded.
The lemure barely misses you. Pikel hits you but does no damage.
You hit Pikel but do no damage.
Pikel looks as sick as possible!
Pikel is heavily wounded.
The lemure closely misses you.
Pikel hits you with a +2 whip of flaming.
Pikel burns you.
You hit Pikel but do no damage.
Pikel looks as sick as possible!
Pikel is heavily wounded.
The lemure closely misses you. Pikel barely misses you.
You hit Pikel but do no damage.
Pikel looks as sick as possible!
Pikel is heavily wounded.
The lemure hits you but does no damage.
Pikel hits you with a +2 whip of flaming.
Pikel burns you.
You barely miss Pikel.
Pikel is heavily wounded.
The lemure hits you.
Pikel hits you with a +2 whip of flaming.
* * * LOW HITPOINT WARNING * * *
Pikel burns you.
* * * LOW HITPOINT WARNING * * *
You feel better. The lemure hits you.
* * * LOW HITPOINT WARNING * * *
Pikel hits you with a +2 whip of flaming!
* * * LOW HITPOINT WARNING * * *
Pikel burns you.
You die...
Fedhas appreciates your contribution to the ecosystem.

#.........# ##+##
#.###...#.# ##...##
#.##......# ##.....##
#.#.......# ##.......## #
#.#.......####.........####
#............'.........+...
#..#.......###.........####
#..##....K.# ##.......## #
#.........@# ##.....## #
##.###.###5# ##...##
#.........# ##'##
#####.##### #.# #.# #.# #.#
##.## #.# ##...## #.#
#.....###### #.#
##...#......


You could see Pikel (extremely poisoned) and a lemure.

Vanquished Creatures
  A hound (D:4)
  Terence (D:2)
  Jessica (D:2)
  An adder (D:3)
  A gnoll (D:1)
  2 orcs (D:4)
  6 ball pythons
  5 endoplasms
  3 giant cockroaches
  5 goblins
  8 hobgoblins
  10 kobolds
  7 quokkas
  6 bats
  3 frilled lizards
  3 rats
63 creatures vanquished.

Vanquished Creatures (others)
  A plant (D:2)
1 creature vanquished.

Grand Total: 64 creatures vanquished

Notes
Turn   | Place    | Note
-------+----------+-------------------------------------------
     0 | D:1      | cheesebisquit the Gnoll Wanderer began the quest for the
                  | Orb.
     0 | D:1      | cheesebisquit set off with the following items: a +2 sling,
                  | a +0 cloak, a scroll of blinking, a +0 robe; and the
                  | following spell memorised: Apportation; and the following
                  | spells available to memorise: Vhi's Electric Charge.
     0 | D:1      | Reached XP level 1. HP: 13/13 MP: 4/4
   161 | D:1      | Reached XP level 2. HP: 19/19 MP: 5/5
   537 | D:1      | Reached XP level 3. HP: 25/25 MP: 7/7
   680 | D:1      | Reached skill level 1 in Invocations
   844 | D:2      | You are sucked into a shaft and drop 2 floors!
   917 | D:4      | Found Xabb's Elemental Accessories.
  1211 | D:4      | Reached skill level 1 in Fighting
  1211 | D:4      | Reached skill level 1 in Short Blades
  1211 | D:4      | Reached skill level 1 in Long Blades
  1211 | D:4      | Reached skill level 1 in Axes
  1211 | D:4      | Reached skill level 1 in Maces & Flails
  1211 | D:4      | Reached skill level 1 in Polearms
  1211 | D:4      | Reached skill level 1 in Staves
  1211 | D:4      | Reached skill level 1 in Throwing
  1211 | D:4      | Reached skill level 1 in Stealth
  1211 | D:4      | Reached skill level 1 in Shields
  1211 | D:4      | Reached skill level 1 in Unarmed Combat
  1393 | D:4      | Reached skill level 1 in Conjurations
  1393 | D:4      | Reached skill level 1 in Hexes
  1393 | D:4      | Reached skill level 1 in Summonings
  1393 | D:4      | Reached skill level 1 in Necromancy
  1393 | D:4      | Reached skill level 1 in Transmutations
  1393 | D:4      | Reached skill level 1 in Fire Magic
  1393 | D:4      | Reached skill level 1 in Ice Magic
  1393 | D:4      | Reached skill level 1 in Air Magic
  1393 | D:4      | Reached skill level 1 in Earth Magic
  1393 | D:4      | Reached skill level 1 in Poison Magic
  1393 | D:4      | Reached XP level 4. HP: 30/32 MP: 8/8
  1516 | D:4      | Found a sparkling altar of Nemelex Xobeh.
  1616 | D:3      | Found an iron altar of Okawaru.
  1959 | D:2      | Found a faded altar of an unknown god.
  2146 | D:2      | Noticed Jessica
  2153 | D:2      | Killed Jessica
  2154 | D:2      | Reached XP level 5. HP: 26/37 MP: 9/9
  2409 | D:2      | Noticed Terence
  2422 | D:2      | Killed Terence
  2972 | D:3      | Found a blossoming altar of Fedhas.
  2972 | D:3      | Found a burning altar of Makhleb.
  2976 | D:3      | Became a worshipper of Fedhas Madash
  3723 | D:4      | Noticed a lemure
  3723 | D:4      | Noticed a lemure
  3723 | D:4      | Noticed Pikel
  3723 | D:4      | Noticed a lemure
  3748 | D:3      | Slain by Pikel

Illustrated notes

Levels and vault maps discovered:
D:1:      lemuel_arrival_tunnels, layout_loops_ring
D:2:      layout_basic, ebering_ecumenical_altar_rust, minmay_misc_feat_roman,
          chequers_serial_rivers_marsh, minivault_5, chequers_big_river,
          uniq_terence, uniq_jessica
D:3:      layout_loops_corners, nicolae_overflow_crystal_walls,
          gammafunk_temple_overflow_wave
D:4:      minmay_bubble_buster, layout_basic, nemelex_diamond_rough_becter,
          minivault_4, nicolae_elemental_shop, hangedman_decor_opposing,
          uniq_pikel

Skill      XL: |  1  2  3  4  5 |
---------------+----------------+-----
Translocations | 2 |  2.4
Invocations    | 1 |  1.8
Fighting       | 1 |  1.6
Short Blades   | 1 |  1.6
Long Blades    | 1 |  1.6
Axes           | 1 |  1.6
Maces & Flails | 1 |  1.6
Polearms       | 1 |  1.6
Staves         | 1 |  1.6
Throwing       | 1 |  1.6
Stealth        | 1 |  1.6
Shields        | 1 |  1.6
Unarmed Combat | 1 |  1.6
Spellcasting   | 3 |  3.2
Conjurations   | 1 |  1.3
Hexes          | 1 |  1.3
Summonings     | 1 |  1.3
Necromancy     | 1 |  1.3
Transmutations | 1 |  1.3
Fire Magic     | 1 |  1.3
Ice Magic      | 1 |  1.3
Air Magic      | 1 |  1.3
Earth Magic    | 1 |  1.3
Poison Magic   | 1 |  1.3
Armour         | 3 |  3.0
Evocations     | 3 |  3.0
Ranged Weapons | |  8.7
Dodging        | |  4.8

Action                     |  1- 3 |  4- 6 || total
---------------------------+-------+-------++-------
  Melee: Spear             |       |    13 ||    13
         Bite              |       |     4 ||     4
   Fire: Sling             |   131 |    89 ||   220
   Cast: Apportation       |     3 |     2 ||     5
    Use: Potion            |       |     2 ||     2
 Armour: Robe              |    10 |     3 ||    13
         Scale mail        |       |     5 ||     5
  Dodge: Dodged            |    43 |    26 ||    69

Table legend: (Time is in decaauts)
 A = Elapsed time spent in this place.
 B = Non-inter-level travel time spent in this place.
 C = Inter-level travel time spent in this place.
 D = Time resting spent in this place.
 E = Time spent auto-exploring this place.
 F = Levels seen in this place.
 G = Mean time per level.
                   A        B        C        D        E       F      G
               +--------+--------+--------+--------+--------+-----+--------+
         Total |   3741 |   3453 |    288 |    285 |   2659 |   4 |  935.2 |
       Dungeon |   3741 |   3453 |    288 |    285 |   2659 |   4 |  935.2 |
               +--------+--------+--------+--------+--------+-----+--------+

Top non-repeatable levels by time:
     D:2: 1162 daAuts
     D:3: 999 daAuts
     D:1: 817 daAuts
     D:4: 760 daAuts
